AoeStats
← Poiu ♡

Arena

510820324Analyzed
3v3 RM · 9h ago on Oct 2, 2026· 46m 42s· 6 players
Game mode
Random Map
Map size
Normal (6 player)
Population
200
Speed
Normal
Resources
Standard
Victory
Conquest
Starting age
Dark Age
Ending age
Imperial Age
RankedLock teamsTeams togetherTeam positionsShared explorationLock speedFull tech treeHidden civsTurbo modeCheats
Victory
Defeat
🇩🇪 Poles · Germany
946
+16
🇨🇴 Bohemians · Colombia
941
+16
🇳🇴 Georgians · Norway
936
+16
🇨🇱 Turks · Chile
960
-16
🇮🇳 Teutons · India
933
-16
🇲🇽 Varangians · Mexico
932
-16
luismjchan
9:06 Loom
11:05 Feudal Age
12:06 Double-Bit Axe
12:04 Horse Collar
16:21 Town Watch
18:45 Castle Age
18:53 Padded Archer Armor
26:53 Imperial Age
26:03 Chemistry
26:09 Heavy Plow
26:21 Bow Saw
27:58 Town Watch
28:49 Wheelbarrow
29:14 Leather Archer Armor
31:09 Ballistics
31:39 Ring Archer Armor
31:48 Pikeman
34:36 Siege Engineers
36:44 Conscription
36:30 Wagenburg Tactics
37:19 Squires
36:54 Houfnice
38:49 Fletching
Poiu ♡
7:35 Loom
10:54 Feudal Age
14:47 Castle Age
13:25 Double-Bit Axe
13:52 Horse Collar
16:38 Bow Saw
22:24 Stone Mining
23:43 Heavy Plow
25:57 Scale Barding Armor
26:14 Bloodlines
26:51 Husbandry
28:27 Forging
30:07 Gold Mining
30:56 Stone Shaft Mining
31:41 Chain Barding Armor
31:57 Iron Casting
34:17 Imperial Age
31:36 Town Watch
32:37 Ballistics
33:40 Fletching
34:21 Bodkin Arrow
35:30 Conscription
34:32 Elite Monaspa
35:28 Bracer
36:05 Plate Barding Armor
36:31 Blast Furnace
37:14 Chemistry
42:43 Aznauri Cavalry
CRi
1:45 Loom
10:07 Feudal Age
15:49 Castle Age
14:16 Double-Bit Axe
15:01 Horse Collar
15:19 Stone Mining
16:58 Bow Saw
18:02 Heavy Plow
27:21 Imperial Age
27:30 Imperial Age
26:45 Wheelbarrow
25:57 Town Watch
27:16 Gold Mining
28:05 Stone Shaft Mining
28:24 Ballistics
29:52 Chemistry
29:19 Fletching
29:30 Padded Archer Armor
29:42 Forging
29:33 Scale Mail Armor
29:39 Scale Barding Armor
30:40 Crop Rotation
31:05 Masonry
31:36 Bodkin Arrow
31:57 Leather Archer Armor
32:18 Iron Casting
33:40 Chain Mail Armor
34:35 Bombard Tower
34:20 Bracer
36:18 Hand Cart
36:04 Town Patrol
35:55 Treadmill Crane
36:23 Siege Engineers
36:14 Murder Holes
36:10 Pikeman
36:50 Squires
36:54 Elite Obuch
40:01 Arson
40:42 Lechitic Legacy
40:29 Szlachta Privileges
41:28 Plate Mail Armor
42:01 Blast Furnace
40:41 Light Cavalry
41:31 Bloodlines
41:37 Bloodlines
40:50 Elite Skirmisher
41:35 Winged Hussar
42:25 Husbandry
42:55 Thumb Ring
43:14 Chain Barding Armor
43:35 Crossbowman
dafr1997
5:03 Loom
10:52 Feudal Age
12:54 Wheelbarrow
16:14 Castle Age
15:07 Stone Mining
20:26 Double-Bit Axe
24:38 Bow Saw
26:53 Hand Cart
26:51 Gold Mining
26:48 Horse Collar
27:35 Town Watch
29:48 Scale Barding Armor
29:13 Vendel Legacy
30:14 Town Patrol
32:20 Forging
32:31 Chain Barding Armor
32:45 Scale Mail Armor
33:49 Husbandry
35:50 Bloodlines
36:47 Heavy Plow
36:15 Light Cavalry
39:11 Iron Casting
41:31 Imperial Age
39:22 Fletching
cristian.nure
0:29 Loom
14:09 Feudal Age
16:43 Double-Bit Axe
19:07 Castle Age
17:16 Horse Collar
19:08 Wheelbarrow
21:00 Bow Saw
20:46 Stone Mining
20:47 Gold Mining
22:56 Heavy Plow
24:07 Town Watch
29:29 Town Patrol
35:15 Imperial Age
34:45 Fletching
34:57 Padded Archer Armor
36:24 Bodkin Arrow
37:25 Artillery
38:01 Conscription
37:45 Bracer
38:01 Leather Archer Armor
38:35 Bombard Tower
38:36 Ballistics
37:52 Elite Janissary
42:44 Treadmill Crane
Boxster553
10:58 Feudal Age
15:11 Castle Age
13:29 Horse Collar
14:00 Double-Bit Axe
14:46 Loom
14:51 Town Watch
16:51 Heavy Plow
18:20 Loom
21:47 Stone Mining
22:41 Wheelbarrow
23:13 Stone Shaft Mining
22:41 Town Watch
23:33 Bow Saw
24:35 Town Patrol
24:37 Gold Mining
24:42 Fletching
25:42 Hand Cart
26:46 Bodkin Arrow
27:13 Ballistics
28:17 Forging
28:08 Scale Mail Armor
28:11 Squires
27:57 Arson
32:24 Imperial Age
30:52 Iron Casting
31:10 Chain Mail Armor
32:26 Elite Teutonic Knight
35:40 Crenellations
36:42 Conscription
37:24 Blast Furnace
36:54 Plate Mail Armor
37:12 Hoardings
39:46 Chemistry
38:58 Masonry
43:37 Two-Man Saw
43:09 Crop Rotation
42:10 Pikeman
42:42 Halberdier
44:50 Fortified Wall
Connection lost

Rejoining the realm…

Still unreachable

The connection could not be restored.

Session expired

The server has moved on; the page needs a fresh start.